AoeStats
← Combi l BU

African Clearing

506032371Analyzed
2v2 RM · 21d ago on Sep 12, 2026· 51m 50s· 4 players
Game mode
Random Map
Map size
Medium (4 player)
Population
200
Speed
Normal
Resources
Standard
Victory
Conquest
Starting age
Dark Age
Ending age
Imperial Age
RankedLock teamsTeams togetherTeam positionsShared explorationLock speedFull tech treeHidden civsTurbo modeCheats
Victory
Defeat
🇲🇽 Franks · Mexico
1596
+10
🇨🇱 Tatars · Chile
1593
+10
🇺🇸 Gurjaras · United States
1469
-10
🇺🇸 Huns · United States
1446
-10
Ux' CombiNero
6:36 Loom
13:04 Feudal Age
16:56 Castle Age
15:01 Fletching
15:38 Double-Bit Axe
17:46 Bodkin Arrow
19:57 Ballistics
24:20 Padded Archer Armor
27:06 Bloodlines
29:22 Husbandry
30:23 Leather Archer Armor
44:30 Imperial Age
44:40 Heavy Cavalry Archer
45:15 Heavy Cavalry Archer
45:57 Bracer
47:26 Chemistry
47:00 Gold Mining
46:51 Horse Collar
48:34 Ring Archer Armor
Combi l BU
5:26 Loom
14:59 Feudal Age
15:29 Double-Bit Axe
25:13 Town Watch
27:18 Wheelbarrow
30:04 Castle Age
30:28 Scale Barding Armor
31:28 Chain Barding Armor
35:10 Husbandry
36:59 Forging
38:35 Bow Saw
41:13 Hand Cart
43:17 Iron Casting
43:06 Husbandry
43:19 Town Watch
45:12 Gold Mining
46:31 Gold Shaft Mining
51:12 Imperial Age
48:50 Stone Mining
51:29 Cavalier
52:45 Plate Barding Armor
Ice2207
5:17 Loom
11:26 Feudal Age
14:16 Wheelbarrow
16:13 Fletching
17:04 Double-Bit Axe
25:27 Horse Collar
28:33 Scale Barding Armor
31:36 Castle Age
31:13 Bloodlines
31:07 Padded Archer Armor
35:09 Bodkin Arrow
Chiefboy AK
9:44 Loom
12:28 Feudal Age
16:47 Castle Age
14:37 Double-Bit Axe
15:37 Fletching
17:59 Bow Saw
18:02 Bodkin Arrow
21:46 Padded Archer Armor
23:14 Ballistics
25:35 Leather Archer Armor
26:13 Bloodlines
32:04 Wheelbarrow
32:04 Thumb Ring
32:14 Husbandry
32:25 Elite Skirmisher
33:39 Hand Cart
35:56 Stone Mining
35:58 Gold Mining
37:05 Scale Barding Armor
38:34 Chain Barding Armor
44:05 Imperial Age
43:07 Marauders
43:50 Forging
44:11 Elite Tarkan
45:34 Plate Barding Armor
45:49 Horse Collar
47:00 Bracer
47:31 Conscription
50:20 Chemistry
50:54 Gold Shaft Mining
51:24 Parthian Tactics
Connection lost

Rejoining the realm…

Still unreachable

The connection could not be restored.

Session expired

The server has moved on; the page needs a fresh start.